 Dungeon Crawl Stone Soup version 0.30-a0-553-g7fabdf1491 (webtiles) character file.

Game seed: 1690155636342843576

15192 scionoferis the Covert (level 12, -8/65 HPs)
             Began as a Vine Stalker Monk on Dec 26, 2022.
             Was a Believer of Wu Jian.
             Mangled by a skeletal warrior
             ... wielding a +0 scimitar
              (17 damage)
             ... on level 10 of the Dungeon on Dec 27, 2022.
             The game lasted 00:49:47 (11859 turns).

scionoferis the Covert (Vine Stalker Monk)         Turns: 11859, Time: 00:49:48

Health: -8/65      AC: 14    Str: 21    XL:     12   Next: 24%
Magic:  0/13       EV: 12    Int: 10    God:    Wu Jian [**....]
Gold:   586        SH:  0    Dex: 27    Spells: 11/11 levels left

rFire   + . .      SeeInvis .    b - +2 triple sword of Plague {venom, Will++ Dex+6}
rCold   . . .      Faith    .    (shield currently unavailable)
rNeg    . . .      Spirit   +    N - +1 ring mail {rF+}
rPois   .          Reflect  .    L - +0 helmet
rElec   .          Harm     .    I - +2 cloak {Stlth+}
rCorr   .          Rampage  .    D - +1 Delatra's gloves {ID++}
Will    ++++.                    B - +1 pair of boots
Stlth   +++++++                  e - amulet of the acrobat
HPRegen 1.10/turn                T - ring of willpower
MPRegen 0.13/turn                K - +6 ring of strength

@: no status effects
A: fangs 3, regeneration 1, magic shield, antimagic bite, no potion heal 2
a: Renounce Religion, Wall Jump


You were on level 10 of the Dungeon.
You worshipped Wu Jian.
Wu Jian was pleased with you.
You visited 2 branches of the dungeon, and saw 12 of its levels.
You also visited: Ossuary and Bailey.

You collected 586 gold pieces.


Innate Abilities, Weirdness & Mutations

You have razor-sharp teeth.
Your natural rate of healing is unusually fast.
When hurt, damage is shared between your health and your magic reserves.
Your bite disrupts and absorbs the magic of your enemies.
Potions cannot restore your health.


   Skills:
 + Level 8.2 Fighting
 - Level 7.7(9.6) Short Blades
 * Level 9.0(10.2) Long Blades
 - Level 2.4 Dodging
 + Level 14.7 Stealth
 + Level 4.9 Evocations


You had 11 spell levels left.
You didn't know any spells.
Your spell library contained the following spells:

 Spells                   Type           Power      Damage    Failure   Level
 Apportation              Tloc           0%         N/A       54%         1
 Freeze                   Ice            0%         1d3       54%         1
 Kiss of Death            Conj/Necr      0%         2d5       54%         1
 Scorch                   Fire           0%         2d5       67%         2
 Sublimation of Blood     Necr           0%         N/A       67%         2
 Wereblood                Tmut           0%         N/A       67%         2
 Call Canine Familiar     Summ           0%         N/A       88%         3
 Confusing Touch          Hex            0%         N/A       88%         3
 Frozen Ramparts          Ice            0%         1d1       88%         3
 Hailstorm                Conj/Ice       0%         3d3       88%         3
 Portal Projectile        Hex/Tloc       0%         N/A       88%         3
 Dispel Undead            Necr           0%         3d6       99%         4
 Flame Wave               Conj/Fire      0%         2d4       99%         4
 Leda's Liquefaction      Hex/Erth       0%         N/A       99%         4
 Alistair's Intoxication  Tmut/Pois      0%         N/A       100%        5
 Summon Cactus Giant      Summ           0%         N/A       100%        6
 Summon Hydra             Summ           0%         N/A       100%        7

Inventory:

Hand Weapons
 a - a +1 short sword of speed
   (You took it off a kobold on level 2 of the Dungeon)
 b - the +2 triple sword of Plague (weapon) {venom, Will++ Dex+6}
   (You took it off an orc in a bailey)

   It poisons the flesh of those it strikes.
   Dex:       It affects your dexterity (+6).
   Will:      It greatly increases your willpower.
 h - a +0 scimitar of flaming
   (You took it off Erica on level 9 of the Dungeon)
 s - a +1 antimagic shortbow
   (You took it off a centaur on level 11 of the Dungeon)
 t - a +0 vorpal shortbow
   (You took it off a centaur on level 11 of the Dungeon)
Missiles
 m - 27 javelins
 q - 4 atropa-tipped darts (quivered)
 u - 26 poisoned darts
 F - 2 curare-tipped darts
 Q - 2 throwing nets
Armour
 i - +0 acid dragon scales
   (You found it on level 10 of the Dungeon)
 k - a +1 robe of cold resistance
   (You took it off an orc wizard on level 10 of the Dungeon)
 r - a +0 troll leather armour
   (You found it on level 10 of the Dungeon)
 B - a +1 pair of boots (worn)
   (You found it on level 11 of the Dungeon)
 D - the +1 Delatra's gloves (worn) {ID++}
   (You found it on level 5 of the Dungeon)

   It heals its wearer when they drink unknown potions.
   It restores its wearer's MP when they read unknown scrolls.
 I - a +2 cloak of stealth (worn)
   (You took it off Crazy Yiuf on level 5 of the Dungeon)
 L - a +0 helmet (worn)
   (You found it on level 6 of the Dungeon)
 N - a +1 ring mail of fire resistance (worn)
   (You found it in a bailey)
Jewellery
 e - an amulet of the acrobat (around neck)
   (You found it on level 1 of the Dungeon)
 J - a ring of flight
   (You found it on level 6 of the Dungeon)
 K - a +6 ring of strength (right hand)
   (You found it on level 6 of the Dungeon)
 T - a ring of willpower (left hand)
   (You found it on level 8 of the Dungeon)
Wands
 d - a wand of mindburst (19)
   (You found it on level 7 of the Dungeon)
 j - a wand of charming (19)
   (You found it on level 2 of the Dungeon)
 y - a wand of digging (6)
   (You found it on level 5 of the Dungeon)
 O - a wand of flame (46)
   (You found it on level 7 of the Dungeon)
Scrolls
 f - 2 scrolls of teleportation
 g - 4 scrolls of identify
 w - 2 scrolls of fog
 x - 2 scrolls of magic mapping
 E - 5 scrolls of blinking
 R - a scroll of fear
Potions
 c - a potion of ambrosia
 l - 2 potions of resistance {unknown}
 n - 2 potions of mutation {unknown}
 o - 5 potions of brilliance
 p - 4 potions of attraction {unknown}
 v - a potion of flight {unknown}
 z - 3 potions of degeneration {unknown}
 A - 4 potions of haste {unknown}
 C - a potion of magic {unknown}
 G - a potion of cancellation {unknown}
 M - 5 potions of curing {unknown}
 P - a potion of heal wounds {unknown}
 U - 2 potions of berserk rage {unknown}
 W - 7 potions of lignification

Dungeon Overview and Level Annotations

Branches:
Dungeon (11/15)            Temple (1/1) D:5            Lair (0/5) D:9
Ossuary (visited)          Bailey (visited)
    Orc: D:9-12

Altars:
Ashenzari
Cheibriados
Dithmenos
Elyvilon
Fedhas
Gozag
Hepliaklqana
Kikubaaqudgha
Makhleb
Nemelex Xobeh
Okawaru
Qazlal
Ru
Sif Muna
Trog
Uskayaw
Vehumet
Wu Jian
Xom
Yredelemnul
Zin
The Shining One

Shops:
D:9 (   D:10 !

Annotations:
D:8 2 transporters, p00ps00p's ghost, novice HOFi

.......# #..#
#......# ......)#
#..# #.)....#
.......#
#..###......#
.......#
##..#########
....[.## #..#.....#
.......####.[......#
<.........##.......#
.......##..........#
.......#####....@z.#
.......####......(.#
......##...........#
.....##..####......#
#.###...## #..#####
......### ##.#
......# #.# ......#
### .....##


You could see a skeletal warrior.


Message History

2 yaks come into view.
The yak moves out of view.
You feel agile.
The +2 triple sword of Plague {venom, Will++ Dex+6} begins to drip with poison!
b - the +2 triple sword of Plague (weapon)
{venom, Will++ Dex+6} A yak comes into view.
The yak bellows!
You slice the yak!!
The yak is poisoned.
You bite the yak! You drain its power.
The yak is almost dead.
A yak comes into view.
The yak gores you but does no damage.
You slash the yak!
You kill the yak!
A yak comes into view.
A yak comes into view.
You hit the yak but do no damage.
The yak is poisoned.
Your bite misses the yak. The yak gores you! x2
You slash the yak! You bite the yak, but do no damage.
The yak is heavily wounded.
The yak gores you!
You barely miss the yak. Your bite misses the yak.
The yak is heavily wounded.
The yak gores you. The yak completely misses you.
You closely miss the yak. You bite the yak! You drain its power.
You feel invigorated.
The yak is severely wounded.
The yak gores you!
You slash the yak!
The yak looks even sicker.
You bite the yak.
You kill the yak!
You slice the yak!!
The yak is poisoned.
You bite the yak.
You kill the yak!
The yak misses you.
You slash the yak!
The yak is poisoned.
The yak is moderately wounded.
The yak gores you!
You slash the yak!
The yak looks as sick as possible!
You bite the yak, but do no damage.
The yak is severely wounded.
The yak barely misses you.
You slash the yak!
You kill the yak!
The yak gores you but does no damage.
You barely miss the yak. The yak gores you.
You hit the yak.
The yak is lightly wounded.
The yak barely misses you.
You slice the yak!!
The yak looks as sick as possible!
You bite the yak.
You kill the yak!
The yak barely misses you.
You slash the yak!
The yak looks as sick as possible!
You bite the yak. You drain its power.
You feel invigorated.
The yak is heavily wounded.
The yak gores you!
You hit the yak.
The yak looks as sick as possible!
You bite the yak. You drain its power.
You feel invigorated.
The yak is severely wounded.
The yak gores you but does no damage.
You closely miss the yak. You bite the yak. You drain its power.
The yak is almost dead.
The yak closely misses you. The yak barely misses you.
You slice the yak!!
You kill the yak!
You start resting.
HP restored.
Things that are here:
a yak corpse; a yak corpse; a yak corpse A sourceless malevolence fills the Dungeon...
With a horrendous wail, an alarm goes off!
A sentinel's mark forms upon you.
Things that are here:
a yak corpse; a yak corpse; a yak corpse The sentinel's mark upon you fades away.
There is an escape hatch in the ceiling here.
You slash the plant!
The plant begins to die.
You bite the plant. You drain its power.
The plant is lightly damaged.
There is a staircase to the Lair here.
You hit the plant.
The plant begins to die.
You bite the plant. You drain its power.
The plant is lightly damaged.
A nearby plant withers and dies.
You slice the plant!!
The plant begins to die.
You bite the plant, but do no damage.
The plant is lightly damaged.
A nearby plant withers and dies.
You hit the fungus.
The fungus begins to die.
You bite the fungus. You drain its power.
The fungus is lightly damaged.
You slash the fungus!
The fungus begins to die.
You bite the fungus. You drain its power.
The fungus is lightly damaged.
A nearby plant withers and dies.
A nearby fungus withers and dies.
You slice the plant!!
The plant begins to die.
You bite the plant! You drain its power.
The plant is lightly damaged.
A nearby fungus withers and dies.
You slash the plant!
The plant begins to die.
The plant is lightly damaged.
You drop a +0 ring mail.
A nearby plant withers and dies. x2
You drop a +0 rapier.
Unknown command.
You drop 5 scrolls of noise.
You drop a +3 leather armour.
You drop 4 scrolls of enchant weapon.
You drop a scroll of vulnerability.
You drop a wand of polymorph (3).
You drop 2 scrolls of torment.
You drop a scroll of immolation.
Unknown command.
You see here an amulet of guardian spirit.
As you open the door, it creaks loudly!
The +2 triple sword of Plague {venom, Will++ Dex+6} stops dripping with poison.
Your hands tingle!
a - a +1 short sword of speed (weapon)
There is an open door here.
You see here a staff of earth.
You open the door.
There is an open door here.
You open the door.
Found a stone staircase leading up.
There is an open door here.
A centaur comes into view.
The helpless centaur fails to defend itself.
You stick the centaur like a pincushion!!!!
You kill the centaur!
You see here a +0 shortbow.
Found a stone staircase leading up.
You see here a +0 shortbow.
Found Conit's Weapon Shop.
Found a spear.
Found a human corpse.
There is an entrance to Conit's Weapon Shop here.
Unknown command.
Found a stone staircase leading down.
There is a stone staircase leading down here.
There is a stone staircase leading down here.
You open the door.
A howler monkey comes into view.
Found 11 gold pieces, a mace and a scroll of identify.
A howler monkey comes into view.
There is an open door here.
The helpless howler monkey fails to defend itself.
You spit the howler monkey like a pig!!!!
You kill the howler monkey!
The howler monkey howls!
The howler monkey hoots and howls with incredible vigour!
You hear a croak.
You hit the howler monkey. You bite the howler monkey. You drain its power.
The howler monkey is heavily wounded.
You hit the howler monkey.
The howler monkey is severely wounded.
The howler monkey barely misses you.
You closely miss the howler monkey.
The howler monkey is severely wounded.
You puncture the howler monkey!
You kill the howler monkey!
You now have 527 gold pieces (gained 11).
You see here a +0 mace.
g - a scroll of identify You open the door.
Found a blossoming altar of Fedhas.
There is an open door here.
You open the door.
Found an ornate altar of the Wu Jian Council.
There is an open door here.
There is an open door here.
You open the door.
Found a glowing silver altar of Zin.
There is an open door here.
You open the door.
Found a shimmering altar of Xom.
There is an open door here.
There is an open door here.
You open the door.
Found a broken altar of Ashenzari.
Unknown command.
Search for what [Enter for "d:8", or ? for help]? wu jian
There is an open door here.
There is an ornate altar of the Wu Jian Council here.
You kneel at the altar of Wu Jian.
The Council welcomes you!
You can now lightly attack monsters by moving around them.
You can now perform airborne attacks.
You can now perform damaging attacks by moving towards foes.
Unknown command.
Press < or > to pray at altars.
Unknown command.
Press < or > to pray at altars.
Okay, then.
There is an open door here.
You open the door.
Found a hide-covered altar of Uskayaw.
There is an open door here.
There is an open door here.
You see here a howler monkey corpse.
You open the door.
A bullfrog comes into view.
Found a shimmering blue altar of Sif Muna.
You feel agile.
The +2 triple sword of Plague {venom, Will++ Dex+6} begins to drip with poison!
b - the +2 triple sword of Plague (weapon)
{venom, Will++ Dex+6} The bullfrog barely misses you.
You slice the bullfrog!!
You kill the bullfrog!
The Council accepts your kill.
The +2 triple sword of Plague {venom, Will++ Dex+6} stops dripping with poison.
Your hands tingle!
a - a +1 short sword of speed (weapon)
There is an open door, spattered with blood here.
You see here a bullfrog corpse.
There is an open door, spattered with blood here.
You see here a bullfrog corpse.
There is an open door here.
There is a stone staircase leading down here.
There is a stone staircase leading down here.
There is an open door here.
M - 5 sedimented white potions (gained 1) Done exploring.
Done exploring.
You open the door.
There is an open door here.
There is a stone staircase leading down here.
It was a potion of brilliance.
You feel clever all of a sudden.
The energy of discovery flows from your fingertips!
You feel much better.
You climb downwards.
There is a stone staircase leading up here.
Found a stone staircase leading down.
Found a stone staircase leading down.
Found a hand axe and a leather armour.
Found an escape hatch in the ceiling.
You now have 540 gold pieces (gained 13).
A centaur comes into view.
Found a scroll of identify and a ring mail.
An orc wizard comes into view.
It is wielding a +0 dagger and wearing a +1 robe of cold resistance.
Found a stone staircase leading up.
A wyvern and an orc wizard come into view.
The helpless centaur fails to defend itself.
You stick the centaur like a pincushion!!!!
You kill the centaur!
The Council accepts your kill.
The wyvern hisses angrily.
Your Stealth skill increases to level 14!
An acid dragon comes into view.
Found a leather armour.
Found a stone staircase leading down.
Found 5 stones.
You feel agile.
The +2 triple sword of Plague {venom, Will++ Dex+6} begins to drip with poison!
b - the +2 triple sword of Plague (weapon)
{venom, Will++ Dex+6} The wyvern misses you.
You hit the wyvern.
The wyvern is poisoned.
You bite the wyvern, but do no damage.
The wyvern is lightly wounded.
The wyvern misses you. x2
You barely miss the wyvern.
The wyvern is moderately wounded.
The wyvern bites you. The wyvern misses you.
You hit the wyvern.
The wyvern looks as sick as possible!
You bite the wyvern, but do no damage.
The wyvern is moderately wounded.
The wyvern closely misses you. The wyvern bites you!
You slice the wyvern!!
You kill the wyvern!
The Council accepts your kill.
You slice the acid dragon!!
You kill the acid dragon!
The Council accepts your kill.
The acid dragon scales are intact enough to wear.
Things that are here:
+0 acid dragon scales; an acid dragon corpse i - +0 acid dragon scales The +2 triple sword of Plague {venom, Will++ Dex+6} stops dripping with poison.
Your hands tingle!
a - a +1 short sword of speed (weapon)
You start resting.
HP restored.
You feel a little less clever now.
Magic restored.
An orc comes into view. It is wielding a +0 whip.
An orc wizard comes into view. It is wielding a +0 dagger.
The orc wizard shouts!
The orc shouts!
The orc wizard shouts! x2
The orc wizard casts a spell.
The orc wizard flickers and vanishes!
Deactivating autopickup; reactivate with Ctrl-A.
You hear a shout!
You feel agile.
The +2 triple sword of Plague {venom, Will++ Dex+6} begins to drip with poison!
b - the +2 triple sword of Plague (weapon)
{venom, Will++ Dex+6} You lunge at the orc wizard.
You slash the orc wizard!
You kill the orc wizard!
The Council accepts your kill.
A centaur comes into view.
The centaur wields a +0 shortbow.
The centaur shoots an arrow.
Something barely misses you.
Things that are here:
a +0 dagger; a +1 robe of cold resistance; an orc corpse You lunge at the orc.
You barely miss the orc. Your bite misses the orc.
The orc wizard gestures at you while chanting.
The magic dart hits you. The orc barely misses you. Something hits you.
You slash the orc!
You kill the orc!
The Council accepts your kill.
The centaur shoots an arrow.
The arrow hits you but does no damage. The orc wizard closely misses you.
Something hits you.
The centaur shoots an arrow.
The arrow hits you.
The orc wizard hits you with a +0 dagger.
Something hits you but does no damage.
You slash something! The Council accepts your kill.
Reactivating autopickup.
You feel a bit more experienced.
The centaur shoots an arrow.
The arrow misses you.
The orc wizard gestures at you while chanting.
The magic dart hits you but does no damage.
The centaur shoots an arrow.
The arrow hits you.
You hit the orc wizard but do no damage.
Your bite misses the orc wizard.
The centaur shoots an arrow.
The arrow closely misses you. The orc wizard casts a spell at you.
The magic dart hits you.
The centaur shoots an arrow.
The arrow hits you but does no damage.
You closely miss the orc wizard.
The orc wizard hits you but does no damage.
The centaur shoots an arrow.
The arrow closely misses you.
The orc wizard hits you but does no damage.
You lunge at the centaur.
You slash the centaur!
The centaur is poisoned.
The centaur is heavily wounded.
You spin and attack the orc wizard.
You hit the orc wizard.
The orc wizard is poisoned.
You bite the orc wizard!
The orc wizard's magic leaks into the air.
You drain its magic.
You feel invigorated.
The orc wizard is severely wounded.
The centaur unwields a +0 shortbow.
The centaur hits you but does no damage.
The centaur kicks you but does no damage.
The orc wizard closely misses you.
Things that are here:
a +0 whip; a +0 leather armour; an orc corpse You completely miss the centaur.
You bite the centaur. You drain its power.
The centaur is severely wounded.
The centaur hits you but does no damage.
The centaur kicks you but does no damage.
The centaur hits you. The centaur closely misses you.
The orc wizard falters for a moment.
You slice the centaur!!
You kill the centaur!
The Council accepts your kill.
You kill the orc wizard!
The Council accepts your kill.
Things that are here:
a +0 dagger; a +0 robe; an orc corpse You see here a +0 shortbow.
Things that are here:
a +0 whip; a +0 leather armour; an orc corpse
Things that are here:
a +0 dagger; a +0 robe; an orc corpse
Things that are here:
a +0 dagger; a +1 robe of cold resistance; an orc corpse
g - 2 scrolls of identify (gained 1)
Things that are here:
a +0 dagger; a +1 robe of cold resistance; an orc corpse
k - a +1 robe of cold resistance
Okay, then.
Unknown command.
Unknown command.
A troll comes into view.
The +2 triple sword of Plague {venom, Will++ Dex+6} stops dripping with poison.
Your hands tingle!
a - a +1 short sword of speed (weapon)
You feel agile.
The +2 triple sword of Plague {venom, Will++ Dex+6} begins to drip with poison!
b - the +2 triple sword of Plague (weapon)
{venom, Will++ Dex+6} You slice the troll!!
The troll looks as sick as possible!
The troll is heavily wounded.
The troll closely misses you. The troll completely misses you.
The troll claws you but does no damage. The troll misses you.
The troll claws you but does no damage. x2
You closely miss the troll.
The troll is severely wounded.
The troll bites you. The troll claws you! The troll claws you.
You hit the troll.
The troll looks as sick as possible!
You bite the troll. You drain its power.
You feel invigorated.
The troll is almost dead.
The troll bites you. The troll barely misses you. The troll claws you!
You closely miss the troll. You bite the troll. You drain its power.
You feel invigorated.
The troll is almost dead.
The troll bites you. The troll barely misses you. The troll claws you.
The troll barely misses you.
The troll claws you but does no damage. x2
You slice the troll!!
You kill the troll!
The Council accepts your kill.
The troll leather armour is intact enough to wear.
Things that are here:
a +0 troll leather armour; a troll corpse
r - a +0 troll leather armour You start resting.
HP restored.
You now have 552 gold pieces (gained 12).
Found a leather armour.
Found a stone staircase leading up.
Found a leather armour.
x - 2 scrolls of magic mapping (gained 1)
Something misses you.
The +2 triple sword of Plague {venom, Will++ Dex+6} stops dripping with poison.
Your hands tingle!
a - a +1 short sword of speed (weapon)
You feel agile.
The +2 triple sword of Plague {venom, Will++ Dex+6} begins to drip with poison!
b - the +2 triple sword of Plague (weapon)
{venom, Will++ Dex+6} Deactivating autopickup; reactivate with Ctrl-A.
You miss something. Something hits you. Something hits you but does no damage.
Something barely misses you.
Something hits you but does no damage. x2
You closely miss something. Something hits you.
Something hits you but does no damage. x2
You slice something!! Something hits you but does no damage.
Something misses you.
There is a stone staircase leading up here.
Something misses you.
There is a stone staircase leading up here.
Something hits you.
You climb upwards.
Reactivating autopickup.
There is a stone staircase leading down here.
Search for what [Enter for "wu jian", or ? for help]? sinv Can't find anything matching that.
Unknown command.
There is a stone staircase leading down here.
You climb downwards.
There is a stone staircase leading up here.
You swing at nothing.
Something hits you.
Deactivating autopickup; reactivate with Ctrl-A.
You swing at nothing.
You swing at nothing.
You swing at nothing.
You swing at nothing.
You swing at nothing.
You swing at nothing.
You swing at nothing.
You swing at nothing.
You swing at nothing.
You swing at nothing.
You swing at nothing.
You swing at nothing.
You swing at nothing.
You swing at nothing.
You swing at nothing.
You swing at nothing.
You swing at nothing.
You swing at nothing.
You swing at nothing.
You swing at nothing.
You swing at nothing.
You swing at nothing.
You swing at nothing.
You swing at nothing.
You swing at nothing.
You swing at nothing.
You swing at nothing.
You swing at nothing.
You swing at nothing.
You swing at nothing.
You swing at nothing.
You swing at nothing.
You swing at nothing.
You swing at nothing.
You swing at nothing.
You swing at nothing.
You swing at nothing.
You swing at nothing.
You swing at nothing.
You swing at nothing.
You swing at nothing.
You swing at nothing.
You swing at nothing.
You swing at nothing.
You swing at nothing.
You swing at nothing.
You swing at nothing.
You swing at nothing.
You swing at nothing.
You swing at nothing.
You swing at nothing.
You swing at nothing.
You swing at nothing.
You swing at nothing.
You swing at nothing.
You swing at nothing.
You swing at nothing.
You swing at nothing.
There is a stone staircase leading up here.
Found a flail.
You see here a +0 leather armour.
Found a scroll of blinking.
A howler monkey comes into view.
The +2 triple sword of Plague {venom, Will++ Dex+6} stops dripping with poison.
Your hands tingle!
a - a +1 short sword of speed (weapon)
The howler monkey howls!
The howler monkey completely misses you.
You hit the howler monkey. Your bite misses the howler monkey.
The howler monkey is lightly wounded.
You feel agile.
The +2 triple sword of Plague {venom, Will++ Dex+6} begins to drip with poison!
b - the +2 triple sword of Plague (weapon)
{venom, Will++ Dex+6} The howler monkey misses you.
You slice the howler monkey!!
You kill the howler monkey!
The Council accepts your kill.
No target in view!
The +2 triple sword of Plague {venom, Will++ Dex+6} stops dripping with poison.
Your hands tingle!
a - a +1 short sword of speed (weapon)
Found 2 scrolls of identify.
Found a scale mail.
Nergalle the Soulbinder comes into view.
She is wielding a +0 dagger.
The helpless Nergalle fails to defend herself.
You skewer Nergalle like a kebab!!!!
You kill Nergalle!
The Council accepts your kill.
Your Evocations skill increases to level 4!
Items here: ! ) [ †.
z - 3 amethyst potions (gained 1)
You see here a +0 leather armour.
Found Hyjod's Distillery.
You see here 2 scrolls of identify.
g - 4 scrolls of identify (gained 2) Autopickup is now on.
E - 5 scrolls of blinking (gained 1)
Found an escape hatch in the floor.
There is an entrance to Hyjod's Distillery here.
Unknown command.
Things that are here:
a +0 robe; a +0 dagger
Things that are here:
a +0 leather armour; a +0 whip Done exploring.
Done exploring.
Something completely misses you. Something completely misses you.
Something misses you. Something barely misses you.
You feel agile.
The +2 triple sword of Plague {venom, Will++ Dex+6} begins to drip with poison!
b - the +2 triple sword of Plague (weapon)
{venom, Will++ Dex+6} Something hits you but does no damage.
Deactivating autopickup; reactivate with Ctrl-A.
You swing at nothing.
Something barely misses you.
You slash something! Your bite misses something.
Something hits you but does no damage.
You swing at nothing.
Something hits you.
You swing at nothing.
Something hits you but does no damage. Something hits you.
You hit something but do no damage. You bite something. You drain its power.
You feel invigorated. Something hits you.
Something hits you but does no damage.
You slash something! The Council accepts your kill.
Reactivating autopickup.
You feel a bit more experienced.
Your base Long Blades skill increases to level 8!
You swing at nothing.
You swing at nothing.
HP restored.
Magic restored.
Done exploring.
There is a stone staircase leading down here.
The +2 triple sword of Plague {venom, Will++ Dex+6} stops dripping with poison.
Your hands tingle!
a - a +1 short sword of speed (weapon)
You climb downwards.
Found a stone staircase leading down.
There is a stone staircase leading up here.
Found a scroll of immolation. 4 centaurs come into view.
The centaur shouts!
You hear a shout!
The centaur shouts!
The centaur wields a +0 shortbow.
The centaur shoots an arrow.
The arrow hits you.
A centaur comes into view.
The centaur moves out of view.
The centaur shouts! x2
You feel agile.
The +2 triple sword of Plague {venom, Will++ Dex+6} begins to drip with poison!
b - the +2 triple sword of Plague (weapon)
{venom, Will++ Dex+6} The centaur shoots an arrow.
The arrow hits you but does no damage.
The centaur shoots an arrow.
The arrow barely misses you.
The centaur wields a +0 shortbow.
The centaur shoots an arrow.
The arrow hits you.
The centaur shoots an arrow.
The arrow misses you.
The centaur shoots an arrow.
The arrow hits you.
You lunge at the centaur.
You slash the centaur!
The centaur is poisoned.
You bite the centaur! You drain its power.
You feel invigorated.
The centaur is almost dead.
The centaur closely misses you. The centaur barely misses you.
The centaur unwields a +0 shortbow.
The centaur hits you.
The centaur kicks you but does no damage.
The centaur hits you but does no damage.
The centaur kicks you but does no damage.
The centaur wields a +0 vorpal shortbow.
The centaur shoots an arrow.
The arrow hits you.
The centaur unwields a +0 shortbow.
The centaur completely misses you.
The centaur kicks you but does no damage.
You barely miss the centaur. You bite the centaur.
You kill the centaur!
The Council accepts your kill.
The centaur hits you but does no damage.
The centaur kicks you but does no damage.
The centaur shoots an arrow.
The arrow hits you.
The centaur hits you but does no damage.
The centaur kicks you but does no damage.
The centaur closely misses you.
The centaur kicks you but does no damage.
The centaur completely misses you. The centaur barely misses you.
You barely miss the centaur. You bite the centaur. You drain its power.
You feel invigorated.
The centaur is moderately wounded.
The centaur hits you. The centaur closely misses you.
The centaur unwields a +0 vorpal shortbow.
The centaur hits you.
The centaur kicks you but does no damage.
The centaur hits you. The centaur kicks you.
The centaur hits you but does no damage.
The centaur barely misses you.
You closely miss the centaur. You bite the centaur, but do no damage.
The centaur wields a +0 shortbow.
The centaur shoots an arrow.
The arrow hits you! The centaur misses you. The centaur completely misses you.
The centaur hits you.
The centaur kicks you but does no damage.
The centaur barely misses you. x2
The centaur hits you but does no damage.
The centaur kicks you but does no damage.
The centaur shoots an arrow.
The arrow closely misses you. The centaur misses you.
The centaur kicks you but does no damage.
The centaur hits you. The centaur barely misses you.
You hit the centaur.
The centaur is heavily wounded.
The centaur closely misses you. The centaur misses you.
The centaur closely misses you. x2; The centaur hits you.
The centaur kicks you but does no damage.
The centaur closely misses you. x2; The centaur unwields a +0 shortbow.
The centaur closely misses you. The centaur barely misses you.
The centaur hits you but does no damage.
The centaur misses you. The centaur hits you. The centaur closely misses you.
A wraith comes into view.
You slash the centaur! You bite the centaur. You drain its power.
You feel invigorated.
The centaur is heavily wounded.
The centaur barely misses you.
The centaur kicks you but does no damage.
The centaur misses you.
The centaur kicks you but does no damage.
The centaur hits you but does no damage.
The centaur barely misses you.
The centaur hits you but does no damage.
The centaur kicks you but does no damage.
The centaur hits you but does no damage.
The centaur kicks you but does no damage.
The centaur hits you but does no damage.
The centaur kicks you but does no damage.
The centaur barely misses you.
The centaur kicks you but does no damage.
You slice the centaur!!
You kill the centaur!
The Council accepts your kill.
The centaur hits you but does no damage.
The centaur kicks you but does no damage.
The centaur hits you but does no damage.
The centaur closely misses you.
The centaur hits you but does no damage.
The centaur kicks you. The centaur completely misses you.
The centaur barely misses you. The centaur misses you.
The centaur kicks you but does no damage.
The centaur misses you.
The centaur kicks you but does no damage.
You slice the centaur!!
You kill the centaur!
The Council accepts your kill. The centaur closely misses you.
The centaur barely misses you. The centaur hits you.
The centaur barely misses you.
The centaur hits you but does no damage.
The centaur kicks you. The centaur misses you.
The centaur kicks you but does no damage.
You spin and attack the centaur.
You slice the centaur!!
The centaur looks as sick as possible!
The centaur is almost dead.
You spin and attack the centaur.
You slice the centaur!!
The centaur looks as sick as possible!
You bite the centaur. You drain its power.
You feel invigorated.
The centaur is almost dead.
You kill the centaur!
The Council accepts your kill.
You kill the centaur!
The Council accepts your kill.
Things that are here:
a +0 shortbow; a centaur corpse You lunge at the wraith.
You slice the wraith!! You bite the wraith. You drain its power.
You feel invigorated.
The wraith is severely damaged.
The wraith barely misses you.
You hit the wraith.
The wraith is severely damaged.
The wraith hits you. The wraith hits you! The wraith drains your vigour!
You feel yourself slow down.
You barely miss the wraith. You bite the wraith. You drain its power.
You feel invigorated.
The wraith is almost destroyed.
The wraith misses you. The wraith completely misses you.
You hit the wraith.
You destroy the wraith!
The Council accepts your kill.
There is a stone staircase leading up here.
You climb upwards.
You feel yourself speed up.
There is a stone staircase leading down here.
You start resting.
HP restored.
You climb downwards.
There is a stone staircase leading up here.
Things that are here:
a +0 vorpal shortbow; a +0 shortbow; a centaur corpse
Things that are here:
a +1 antimagic shortbow; a centaur corpse
s - a +1 antimagic shortbow
Things that are here:
a +0 vorpal shortbow; a +0 shortbow; a centaur corpse
t - a +0 vorpal shortbow You drop 4 scrolls of identify.
You drop a +0 shortbow.
g - 4 scrolls of identify
Things that are here:
a +0 shortbow; a centaur corpse
Things that are here:
a +0 shortbow; a centaur corpse
Found a pair of embroidered boots.
You see here a scroll of immolation.
Found a stone staircase leading down.
You now have 563 gold pieces (gained 11).
You see here a +1 pair of boots.
B - a +1 pair of boots You start putting on your armour.
You continue putting on your +1 pair of boots. x4
You finish putting on your +1 pair of boots.
Unknown command.
Found a cloak.
You now have 571 gold pieces (gained 8).
The +2 triple sword of Plague {venom, Will++ Dex+6} stops dripping with poison.
Your hands tingle!
a - a +1 short sword of speed (weapon)
U - 2 glowing green potions (gained 1)
You now have 586 gold pieces (gained 15).
An acid dragon comes into view.
A two-headed ogre comes into view. It is wielding two +0 giant clubs.
A kobold demonologist comes into view. It is wielding a +0 dagger.
Found a stone staircase leading up.
The helpless acid dragon fails to defend itself.
You perforate the acid dragon like a sieve!!!!
You kill the acid dragon!
The Council accepts your kill.
A wraith comes into view.
The helpless kobold demonologist fails to defend itself.
You perforate the kobold demonologist like a sieve!!!!
You kill the kobold demonologist!
The Council accepts your kill. 2 skeletal warriors come into view.
Found 19 gold pieces.
A troll comes into view.
Found a trident.
The helpless troll fails to defend itself.
You skewer the troll like a kebab!!!!
You kill the troll!
The Council accepts your kill.
The troll leather armour is intact enough to wear.
Things that are here:
a +0 troll leather armour; a troll corpse A centaur comes into view.
It is wielding a staff of conjuration.
You lunge at the centaur, in a flurry of attacks.
You catch the helpless centaur completely off-guard!
You impale the centaur!!
You kill the centaur!
The Council accepts your kill.
Things that are here:
a staff of conjuration; a +0 shortbow; a centaur corpse Sonja, the Graceful Assassin comes into view.
She is wielding a +2 dagger of draining, quivering curare-tipped darts and carrying a wand of charming (5).
A two-headed ogre comes into view. It is wielding two +0 giant clubs.
Fannar the Cold-Hearted comes into view.
They are wielding a staff of cold and wearing a +1 robe of cold resistance.
The helpless Sonja fails to defend herself.
You stick Sonja like a pincushion!!!!
You kill Sonja!
The Council accepts your kill.
Your Fighting skill increases to level 8!
You have reached level 12!
You feel stronger.
j - a wand of charming (19) (gained 5 charges)
W - 6 potions of lignification (gained 1)
Things that are here:
a +2 dagger of draining; 2 curare-tipped darts; the kobold corpse of Sonja
F - 2 curare-tipped darts
Found a stone staircase leading down.
A skeletal warrior comes into view. It is wielding a +0 mace.
Found a scroll of enchant weapon.
A wraith comes into view.
Found a scroll of torment.
You feel agile.
The +2 triple sword of Plague {venom, Will++ Dex+6} begins to drip with poison!
b - the +2 triple sword of Plague (weapon)
{venom, Will++ Dex+6} You barely miss the wraith.
You bite the wraith, but do no damage. The wraith closely misses you.
You hit the wraith. You bite the wraith, but do no damage.
The wraith is lightly damaged.
The wraith barely misses you. The wraith hits you but does no damage.
You slash the wraith! You bite the wraith. You drain its power.
The wraith is heavily damaged.
The wraith hits you. The wraith drains your vigour!
You feel yourself slow down.
You closely miss the wraith. You bite the wraith, but do no damage.
The wraith is heavily damaged.
The wraith hits you but does no damage. x2
You slash the wraith!
The wraith is severely damaged.
The wraith hits you but does no damage. x2
You barely miss the wraith. You bite the wraith. You drain its power.
The wraith is almost destroyed.
The wraith barely misses you. The wraith hits you but does no damage.
You completely miss the wraith.
The wraith is almost destroyed.
The wraith hits you but does no damage. x2
You barely miss the wraith.
The wraith is almost destroyed.
The wraith hits you! The wraith drains your vigour!
You feel as though you will be slow longer.
The wraith closely misses you.
You closely miss the wraith. You bite the wraith, but do no damage.
The wraith is almost destroyed.
The wraith hits you but does no damage. The wraith barely misses you.
You hit the wraith. You bite the wraith. You drain its power.
You feel invigorated.
The wraith is almost destroyed.
The wraith hits you but does no damage. The wraith barely misses you.
You barely miss the wraith.
The wraith is almost destroyed.
The wraith barely misses you. x2
You slash the wraith!
You destroy the wraith!
The Council accepts your kill.
You start waiting.
You feel yourself speed up.
The +2 triple sword of Plague {venom, Will++ Dex+6} stops dripping with poison.
Your hands tingle!
a - a +1 short sword of speed (weapon)
You see here a scroll of immolation.
You see here a centaur skeleton.
You see here a scroll of immolation.
The two-headed ogre shouts in stereo!
Throw: 26 darts (poison)
Press: ? - help, Q - select action, (/) - cycle Shift-Dir - straight line, f - two-headed ogre
Aim: a two-headed ogre, wielding two +0 giant clubs (79% to hit)
You throw a poisoned dart.
The poisoned dart hits the two-headed ogre.
The two-headed ogre is poisoned.
Throw: 25 darts (poison)
Press: ? - help, Q - select action, (/) - cycle Shift-Dir - straight line, f/p - two-headed ogre
Aim: a two-headed ogre, wielding two +0 giant clubs (poisoned, 79% to hit)
You throw a poisoned dart.
The poisoned dart hits the two-headed ogre.
The two-headed ogre looks even sicker.
Throw: 2 darts (curare)
Press: ? - help, Q - select action, (/) - cycle Shift-Dir - straight line, f/p - two-headed ogre
Aim: a two-headed ogre, wielding two +0 giant clubs (very poisoned, 79% to hit)
You throw a curare-tipped dart.
The curare-tipped dart barely misses the two-headed ogre.
Throw: dart (curare)
Press: ? - help, Q - select action, (/) - cycle Shift-Dir - straight line, f/p - two-headed ogre
Aim: a two-headed ogre, wielding two +0 giant clubs (lightly wounded, very poisoned, 79% to hit)
You throw a curare-tipped dart.
The curare-tipped dart hits the two-headed ogre.
The two-headed ogre looks as sick as possible!
The two-headed ogre convulses.
The two-headed ogre seems to slow down.
The two-headed ogre is lightly wounded.
Throw: 4 darts (atropa)
Press: ? - help, Q - select action, (/) - cycle Shift-Dir - straight line, f/p - two-headed ogre
Aim: a two-headed ogre, wielding two +0 giant clubs (moderately wounded, extremely poisoned, slow, 79% to hit, chance to blind on hit: 44%)
You throw an atropa-tipped dart.
The atropa-tipped dart hits the two-headed ogre.
The two-headed ogre resists.
The two-headed ogre is moderately wounded.
You hit the two-headed ogre but do no damage.
You bite the two-headed ogre! You drain its power.
The two-headed ogre is heavily wounded.
You hit the two-headed ogre. You bite the two-headed ogre. You drain its power.
The two-headed ogre is severely wounded.
You feel agile.
The +2 triple sword of Plague {venom, Will++ Dex+6} begins to drip with poison!
b - the +2 triple sword of Plague (weapon)
{venom, Will++ Dex+6} You slash the two-headed ogre!
You kill the two-headed ogre!
The Council accepts your kill.
Things that are here:
a +0 giant club; a +0 giant club; a two-headed ogre corpse
q - 4 atropa-tipped darts (gained 1)
F - a curare-tipped dart
u - 25 poisoned darts (gained 1)
u - 26 poisoned darts (gained 1)
F - 2 curare-tipped darts (gained 1)
You see here a scroll of immolation.
Things that are here:
a +0 shortbow; a centaur skeleton You see here a +0 shortbow.
The +2 triple sword of Plague {venom, Will++ Dex+6} stops dripping with poison.
Your hands tingle!
a - a +1 short sword of speed (weapon)
Okay, then.
Unknown command.
You lunge at Fannar, in a flurry of attacks.
The helpless Fannar fails to defend themself.
You spit Fannar like a pig!!!!
You kill Fannar!
The Council accepts your kill.
Items here: ! [ | †.
You lunge at the two-headed ogre, in a flurry of attacks.
The helpless two-headed ogre fails to defend itself.
You perforate the two-headed ogre like a sieve!!!!
You kill the two-headed ogre!
The Council accepts your kill.
Things that are here:
a +0 giant club; a +0 giant club
W - 7 potions of lignification (gained 1)
Things that are here:
a staff of cold; a +1 robe of cold resistance; the elf corpse of Fannar Unknown command.
Found a stone staircase leading up.
There is a stone staircase leading up here.
The wraith hits you. The wraith drains your vigour!
You feel yourself slow down.
You climb upwards.
There is a stone staircase leading down here.
You feel agile.
The +2 triple sword of Plague {venom, Will++ Dex+6} begins to drip with poison!
b - the +2 triple sword of Plague (weapon)
{venom, Will++ Dex+6} The wraith barely misses you.
You closely miss the wraith. Your bite misses the wraith.
The wraith misses you. The wraith hits you but does no damage.
You hit the wraith but do no damage. Your bite misses the wraith.
The wraith hits you. The wraith closely misses you.
You slash the wraith! You bite the wraith! You drain its power.
The wraith is severely damaged.
You feel yourself speed up. The wraith hits you but does no damage.
The wraith barely misses you.
You carve the wraith like a ham!!!
You destroy the wraith!
The Council accepts your kill.
Your base Long Blades skill increases to level 9!
No target in view!
The +2 triple sword of Plague {venom, Will++ Dex+6} stops dripping with poison.
Your hands tingle!
a - a +1 short sword of speed (weapon)
Adjust (i)tems, (s)pells, or (a)bilities?
Okay, then.
Unknown command.
Unknown command.
Save game and exit?
Welcome back, scionoferis the Vine Stalker Monk.
The Council says: Follow the path of wisdom and battle!
Press ? for a list of commands and other information.
Done exploring.
You climb downwards.
There is a stone staircase leading up here.
A skeletal warrior comes into view. It is wielding a +0 hand axe.
The skeletal warrior moves out of view.
There is a stone staircase leading up here.
You feel agile.
The +2 triple sword of Plague {venom, Will++ Dex+6} begins to drip with poison!
b - the +2 triple sword of Plague (weapon)
{venom, Will++ Dex+6} The skeletal warrior hits you with a +0 scimitar!
You climb upwards.
There is a stone staircase leading down, spattered with blood here.
You hit the skeletal warrior but do no damage.
You bite the skeletal warrior, but do no damage.
The skeletal warrior hits you with a +0 scimitar!
The skeletal warrior hits you but does no damage.
You hit the skeletal warrior.
The skeletal warrior is lightly damaged.
The skeletal warrior hits you with a +0 scimitar.
You slice the skeletal warrior!! Your bite misses the skeletal warrior.
The skeletal warrior is heavily damaged.
The skeletal warrior hits you with a +0 scimitar!
You slash the skeletal warrior! Your bite misses the skeletal warrior.
The skeletal warrior is heavily damaged.
The skeletal warrior hits you with a +0 scimitar!!
You hit the skeletal warrior.
The skeletal warrior is severely damaged.
The skeletal warrior hits you with a +0 scimitar!
* * * LOW HITPOINT WARNING * * *
The skeletal warrior hits you with a +0 scimitar!!
You die...

Skill      XL: |  1  2  3  4  5  6  7  8  9 10 11 12 |
---------------+-------------------------------------+-----
Stealth        | 3 4 5 6 8 10 12 13 14 | 14.7
Fighting       | 3 4 5 7 8 |  8.2
Short Blades   | 3 4 5 7 |  7.7
Long Blades    | 3 6 8 9 |  9.0
Evocations     | 2 4 |  4.9
Dodging        | |  2.4

Action                   |  1- 3 |  4- 6 |  7- 9 | 10-12 || total
-------------------------+-------+-------+-------+-------++-------
Melee: Whip              |    79 |       |       |       ||    79
       Bite              |    10 |    50 |   144 |   126 ||   330
       Short sword       |     5 |   156 |   375 |   172 ||   708
       Punch             |     1 |       |     6 |     1 ||     8
       Unarmed           |       |     5 |       |       ||     5
       Dagger            |       |       |    15 |       ||    15
       Triple sword      |       |       |       |   186 ||   186
 Fire: Shortbow          |       |    18 |   141 |     1 ||   160
Throw: Dart              |       |       |    28 |    21 ||    49
       Javelin           |       |       |       |     4 ||     4
Invok: Lunge             |       |       |       |     8 ||     8
       Whirlwind         |       |       |       |     3 ||     3
Evoke: Wand              |       |       |       |     5 ||     5
  Use: Potion            |     1 |       |       |     1 ||     2
       Scroll            |       |     5 |     3 |     2 ||    10
 Stab: Sleeping          |    19 |     5 |    10 |    20 ||    54
       Invisible         |       |       |     7 |     5 ||    12
       Distracted        |       |       |       |     1 ||     1
Armor: Robe              |     7 |       |       |       ||     7
       Skin              |     7 |       |       |       ||     7
       Leather armour    |       |     4 |       |       ||     4
       Ring mail         |       |    21 |    58 |   164 ||   243
Dodge: Dodged            |    46 |    78 |   152 |   291 ||   567

Levels and vault maps discovered:
D:1:      tarquinn_simple_flora_water_f, layout_loops_ring
D:2:      layout_rooms, minmay_misc_feat_more_columns
D:3:      layout_basic, hangedman_glass_teeth, uniq_terence, uniq_ijyb
D:4:      layout_cave_pools, nicolae_qazlal_eye_of_the_storm
D:5:      layout_layer_cave, grunt_dithmenos_smoke,
          minmay_temple_entry_junction_2, lightli_ossuary_entry_decrepit_ruins,
          pf_guarded_unrand_delatra, uniq_crazy_yiuf_cottage, uniq_eustachio
D:6:      layout_rooms, nicolae_titane, uniq_pikel
D:7:      gammafunk_steamed_eel, layout_basic, enter_bailey_5
D:8:      layout_basic, nzn_ghost_randoct, uniq_joseph
D:9:      layout_basic, kiku_gazebo_pond_becter, grunt_temple_overflow_octagram,
          due_lair_maze_entry_diamond, serial_shops,
          nicolae_shop_bloodbath_and_beyond, uniq_erica
D:10:     layout_rooms, serial_shops, shop, nrook_campfire, uniq_nergalle
D:11:     layout_rooms, uniq_fannar, uniq_sonja
Temple:   minmay_temple_bridge_abc

Notes
Turn   | Place    | Note
-------+----------+-------------------------------------------
     0 | D:1      | scionoferis the Vine Stalker Monk began the quest for the
                  | Orb.
     0 | D:1      | Reached XP level 1. HP: 11/11 MP: 2/2
   206 | D:1      | Reached XP level 2. HP: 16/16 MP: 3/3
   209 | D:1      | Reached skill level 3 in Stealth
   214 | D:1      | Reached skill level 3 in Fighting
   551 | D:1      | Reached XP level 3. HP: 15/20 MP: 1/4
   781 | D:2      | HP: 3/30 [poisoned by an adder]
   876 | D:2      | Reached skill level 4 in Stealth
  1267 | D:2      | Gained mutation: Your natural rate of healing is unusually
                  | fast. [Vine Stalker growth]
  1267 | D:2      | Reached XP level 4. HP: 24/24 MP: 5/5
  1485 | D:3      | Noticed Ijyb
  1683 | D:3      | Reached skill level 3 in Short Blades
  2005 | D:3      | Killed Ijyb
  2006 | D:3      | Reached skill level 4 in Fighting
  2006 | D:3      | Reached XP level 5. HP: 29/29 MP: 6/6
  2098 | D:3      | Noticed Terence
  2157 | D:3      | Killed Terence
  2158 | D:3      | Reached skill level 5 in Stealth
  2390 | D:3      | Reached XP level 6. HP: 19/33 MP: 3/7
  2612 | D:4      | Reached skill level 4 in Short Blades
  2612 | D:4      | Reached skill level 6 in Stealth
  2846 | D:4      | Reached XP level 7. HP: 31/37 MP: 5/8
  3050 | D:4      | Found a stormy altar of Qazlal.
  3145 | D:5      | Entered Level 5 of the Dungeon
  3256 | D:5      | Reached skill level 7 in Stealth
  3288 | D:5      | Found a staircase to the Ecumenical Temple.
  3345 | D:5      | Reached skill level 5 in Short Blades
  3415 | D:5      | Found the +1 Delatra's gloves {ID++}
  3592 | D:5      | Found a sand-covered staircase.
  3600 | Ossuary  | Entered an ossuary
  4103 | Ossuary  | Reached skill level 8 in Stealth
  4312 | Ossuary  | Noticed Menkaure
  4332 | Ossuary  | Killed Menkaure
  4333 | Ossuary  | Gained mutation: You have razor-sharp teeth. [Vine Stalker
                  | growth]
  4333 | Ossuary  | Reached XP level 8. HP: 34/42 MP: 6/9
  4500 | Temple   | Entered the Ecumenical Temple
  4805 | D:5      | Found a shadowy altar of Dithmenos.
  4888 | D:5      | Reached skill level 6 in Short Blades
  4911 | D:5      | Noticed Eustachio
  4915 | D:5      | Killed Eustachio
  4916 | D:5      | Reached skill level 9 in Stealth
  5336 | D:5      | Found a runed translucent door.
  5338 | D:5      | Noticed Crazy Yiuf
  5345 | D:5      | Killed Crazy Yiuf
  5945 | D:6      | Noticed Pikel
  5986 | D:6      | Killed Pikel
  5987 | D:6      | Reached skill level 7 in Short Blades
  5987 | D:6      | Reached skill level 10 in Stealth
  5987 | D:6      | Reached XP level 9. HP: 18/45 MP: 3/10
  6121 | D:6      | Reached skill level 11 in Stealth
  6308 | D:7      | Reached skill level 1 in Long Blades
  6465 | D:7      | Found a transporter.
  6476 | D:7      | Found a transporter.
  6660 | D:7      | Found a flagged portal.
  6719 | D:7      | Reached skill level 2 in Long Blades
  6724 | Bailey   | Entered a bailey
  6930 | Bailey   | Reached skill level 5 in Fighting
  6982 | Bailey   | Reached skill level 3 in Long Blades
  7047 | Bailey   | Reached skill level 12 in Stealth
  7159 | Bailey   | Identified a +0 crystal plate armour
  7220 | Bailey   | Reached XP level 10. HP: 45/51 MP: 11/11
  7535 | Bailey   | Identified the +2 triple sword of Plague {venom, Will++
                  | Dex+6}
  7554 | Bailey   | Reached skill level 4 in Long Blades
  7607 | Bailey   | Reached skill level 6 in Fighting
  8417 | D:7      | Reached skill level 5 in Long Blades
  8626 | D:7      | Reached skill level 13 in Stealth
  8859 | D:8      | Reached skill level 1 in Evocations
  8891 | D:8      | Noticed a tengu warrior
  8895 | D:8      | Noticed a two-headed ogre
  8903 | D:8      | Noticed p00ps00p's ghost (novice HOFi)
  8926 | D:8      | Found a transporter.
  8928 | D:8      | Found a transporter.
  9443 | D:8      | Noticed Joseph
  9447 | D:8      | Killed Joseph
  9448 | D:8      | Reached skill level 6 in Long Blades
  9448 | D:8      | Reached skill level 2 in Evocations
  9578 | D:9      | Noticed Erica
  9584 | D:9      | Killed Erica
  9585 | D:9      | Reached skill level 7 in Fighting
  9585 | D:9      | Reached XP level 11. HP: 58/58 MP: 12/12
  9594 | D:9      | Noticed a two-headed ogre
  9602 | D:9      | Killed a two-headed ogre
  9697 | D:9      | Found an ancient bone altar of Kikubaaqudgha.
 10034 | D:9      | Reached skill level 3 in Evocations
 10059 | D:9      | Reached skill level 7 in Long Blades
 10076 | D:9      | Found a staircase to the Lair.
 10421 | D:9      | Found Conit's Weapon Shop.
 10489 | D:9      | Found a blossoming altar of Fedhas.
 10494 | D:9      | Found an ornate altar of the Wu Jian Council.
 10502 | D:9      | Found a glowing silver altar of Zin.
 10507 | D:9      | Found a shimmering altar of Xom.
 10514 | D:9      | Found a broken altar of Ashenzari.
 10526 | D:9      | Became a worshipper of the Wu Jian Council
 10526 | D:9      | Reached * piety under Wu Jian
 10526 | D:9      | Reached ** piety under Wu Jian
 10536 | D:9      | Found a hide-covered altar of Uskayaw.
 10547 | D:9      | Found a shimmering blue altar of Sif Muna.
 10740 | D:10     | Entered Level 10 of the Dungeon
 10770 | D:10     | Reached skill level 14 in Stealth
 11123 | D:10     | Noticed Nergalle
 11127 | D:10     | Killed Nergalle
 11128 | D:10     | Reached skill level 4 in Evocations
 11156 | D:10     | Found Hyjod's Distillery.
 11331 | D:10     | Reached skill level 8 in Long Blades
 11490 | D:11     | Noticed a two-headed ogre
 11518 | D:11     | Noticed a skeletal warrior
 11518 | D:11     | Noticed a skeletal warrior
 11556 | D:11     | Noticed Sonja
 11572 | D:11     | Noticed a two-headed ogre
 11574 | D:11     | Noticed Fannar
 11576 | D:11     | Killed Sonja
 11577 | D:11     | Reached skill level 8 in Fighting
 11577 | D:11     | Reached XP level 12. HP: 64/64 MP: 13/13
 11680 | D:11     | Killed a two-headed ogre
 11715 | D:11     | Killed Fannar
 11718 | D:11     | Killed a two-headed ogre
 11836 | D:10     | Reached skill level 9 in Long Blades
 11859 | D:10     | Mangled by a skeletal warrior

Vanquished Creatures
  Fannar (D:11)
  Erica (D:9)
  3 two-headed ogres (D:9 D:11)
  Nergalle (D:10)
  Sonja (D:11)
  Pikel (D:6)
  Joseph (D:8)
  An unseen horror (D:10)
  A kobold demonologist (D:11)
  2 trolls (D:10 D:11)
  3 wyverns (D:7 D:9 D:10)
  3 wraiths (D:11 D:10)
  Eustachio (D:5)
  6 yaks (D:9)
  A steam dragon (D:9)
  Menkaure (Ossuary)
  2 acid dragons (D:10 D:11)
  2 ice beasts (D:6 D:7)
  A sky beast (D:8)
  6 black bears (D:9)
  14 orc warriors (D:5 Bailey D:9)
  3 ogres (D:5 D:6)
  25 centaurs (D:6 Bailey D:7 D:8 D:9)
  A lemure (D:6)
  4 kobold brigands (D:8 D:9)
  8 bullfrogs (D:7 D:8 D:9)
  3 necrophages (D:4 D:5 D:7)
  2 scorpions (D:3 D:4)
  4 wights (D:7)
  5 killer bees (D:7 D:8)
  3 electric eels (D:7)
  3 howler monkeys (D:9 D:10)
  A hound (D:6)
  3 jellies (D:5 D:6)
  3 orc priests (D:4 D:7 D:9)
  A gnoll bouda (D:9)
  2 iguanas (D:4)
  Crazy Yiuf (D:5)
  Ijyb (D:3)
  Terence (D:3)
  12 orc wizards (D:3 D:4 D:5 D:7 D:8)
  3 mummies (Ossuary)
  11 gnolls (D:8 D:9)
  4 adders (D:2 D:3 D:4)
  3 worms (D:3 D:4 D:5)
  A dart slug (D:3)
  54 orcs (D:3 D:4 D:5 D:7 Bailey)
  6 bats (D:1 D:2 D:3)
  8 endoplasms (D:1 D:2 D:3 D:4)
  4 giant cockroaches (D:1 D:2 D:3)
  6 goblins (D:2 D:7)
  4 hobgoblins (D:1 D:2 D:3)
  5 jackals (D:2 D:3)
  9 quokkas (D:1 D:2 D:3 D:5)
  7 ball pythons (D:1 D:2 D:4)
  2 frilled lizards (D:1)
  4 gnoll skeletons (Ossuary)
  6 gnoll zombies (Ossuary)
  5 goblin skeletons (Ossuary)
  2 goblin zombies (Ossuary)
  2 hobgoblin skeletons (Ossuary)
  6 hobgoblin zombies (Ossuary)
  27 kobolds (D:1 D:2 D:3 D:4 D:8)
  7 kobold skeletons (Ossuary)
  4 kobold zombies (Ossuary)
  5 orc skeletons (Ossuary)
  5 orc zombies (Ossuary)
  6 rats (D:1 D:2)
  2 rat skeletons (Ossuary)
  2 rat zombies (Ossuary)
349 creatures vanquished.

Vanquished Creatures (others)
  42 fungi (D:9)
  55 plants (D:7 D:9)
97 creatures vanquished.

Grand Total: 446 creatures vanquished

Table legend: (Time is in decaauts)
 A = Elapsed time spent in this place.
 B = Non-inter-level travel time spent in this place.
 C = Inter-level travel time spent in this place.
 D = Time resting spent in this place.
 E = Time spent auto-exploring this place.
 F = Levels seen in this place.
 G = Mean time per level.
                   A        B        C        D        E       F      G
               +--------+--------+--------+--------+--------+-----+--------+
         Total |  11610 |  11017 |    593 |    794 |   5655 |  14 |  829.3 |
       Dungeon |   9442 |   8871 |    571 |    522 |   5229 |  11 |  858.4 |
        Temple |    194 |    172 |     22 |      0 |    167 |   1 |  194.0 |
       Ossuary |    858 |    858 |      0 |    211 |    244 |   1 |  858.0 |
        Bailey |   1115 |   1115 |      0 |     61 |     15 |   1 | 1115.0 |
               +--------+--------+--------+--------+--------+-----+--------+

Top non-repeatable levels by time:
     D:5: 1468 daAuts
     D:7: 1217 daAuts
     D:9: 1170 daAuts
     D:3: 1138 daAuts
  Bailey: 1115 daAuts
 Ossuary: 858 daAuts
     D:8: 811 daAuts
     D:1: 795 daAuts
    D:10: 663 daAuts
     D:2: 578 daAuts
     D:6: 564 daAuts
     D:4: 549 daAuts
    D:11: 484 daAuts
  Temple: 194 daAuts

Table legend:
 A = Non-vault XP
 B = Vault XP
 C = Vault XP percentage of total XP
 D = Non-vault monster count
 E = Vault monster count
 F = Vault count percentage of total count
                 A         B        C        D         E       F
            +---------+---------+-------+---------+---------+-------
      Total |   12533 |    9170 |  42.3 |     209 |     139 |  39.9
            +---------+---------+-------+---------+---------+-------
        D:1 |      38 |       0 |   0.0 |      26 |       0 |   0.0
        D:2 |      45 |       0 |   0.0 |      20 |       0 |   0.0
        D:3 |     198 |      72 |  26.7 |      27 |       2 |   6.9
        D:4 |     353 |       0 |   0.0 |      14 |       0 |   0.0
        D:5 |     252 |     449 |  64.1 |       5 |      13 |  72.2
        D:6 |     732 |     663 |  47.5 |       8 |       1 |  11.1
        D:7 |    1340 |     165 |  11.0 |      23 |       7 |  23.3
        D:8 |    1154 |     475 |  29.2 |      26 |       1 |   3.7
        D:9 |    3250 |    1879 |  36.6 |      35 |      10 |  22.2
       D:10 |    1638 |     781 |  32.3 |      12 |       1 |   7.7
       D:11 |    3533 |    1648 |  31.8 |      13 |       2 |  13.3
    Ossuary |       0 |     274 | 100.0 |       0 |      54 | 100.0
     Bailey |       0 |    2764 | 100.0 |       0 |      48 | 100.0
            +---------+---------+-------+---------+---------+-------
